 Dungeon Crawl Stone Soup version 0.29.0-4-gdea44cf6ec (webtiles) character file.

Game seed: 9857996659560395982

44 qw the Chopper (level 3, -7/21 HPs)
             Began as a Tengu Warper on Aug 28, 2022.
             Killed from afar by Ijyb (9 damage)
             ... with a bolt of acid
             ... on level 3 of the Dungeon.
             The game lasted 00:00:11 (2499 turns).

qw the Chopper (Tengu Warper)                       Turns: 2499, Time: 00:00:11

Health: -7/21      AC: 10    Str: 10 (13) XL:     3   Next: 62%
Magic:  7/7        EV:  1    Int: 10 (13) God:
Gold:   40         SH:  0    Dex: 13      Spells: 6/6 levels left

rFire   . . .      SeeInvis .   Y - +1 hand axe
rCold   . . .      Faith    .   (no shield)
rNeg    + . .      Spirit   .   e - +0 plate armour
rPois   .          Reflect  .   (helmet restricted)
rElec   .          Harm     .   (no cloak)
rCorr   .          Rampage  .   (no gloves)
Will    .....                   (boots unavailable)
Stlth   ..........              (no amulet)
HPRegen 0.07/turn               d - ring of positive energy
MPRegen 0.10/turn               (no ring)

@: no status effects
A: beak, talons 3
a: no special abilities


You were on level 3 of the Dungeon.
You visited 1 branch of the dungeon, and saw 3 of its levels.

You collected 96 gold pieces.
You spent 56 gold pieces at shops.


Innate Abilities, Weirdness & Mutations

You have a beak for a mouth.
You have claws for feet.


   Skills:
 - Level 2.0 Fighting
 - Level 4.0 Axes
 - Level 1.0 Throwing
 + Level 1.7 Armour
 - Level 2.1 Dodging
 - Level 2.0 Spellcasting
 - Level 2.4 Translocations


You had 6 spell levels left.
You didn't know any spells.
Your spell library contained the following spells:

 Spells                   Type           Power      Damage    Failure   Level
 Blink                    Tloc           10%        N/A       100%        2
 Gell's Gravitas          Tloc           5%         N/A       100%        3
 Lesser Beckoning         Tloc           5%         N/A       100%        3
 Teleport Other           Tloc           5%         N/A       100%        3
 Manifold Assault         Tloc           5%         N/A       100%        5

Inventory:

Hand Weapons
 j - a +2 mace of venom
 Y - a +1 hand axe (weapon)
Armour
 e - a +0 plate armour (worn)
Jewellery
 d - a ring of positive energy (left hand)
Scrolls
 b - a scroll of identify
Potions
 f - a potion of curing
 m - a potion of flight {unknown}

Dungeon Overview and Level Annotations

Branches:
Dungeon (3/15)

Altars:

Shops:
D:2 ?

Annotations:
D:3 Ijyb


Message History

You miss the bat. You claw the bat.
You kill the bat!
A gnoll bouda and 4 gnolls come into view.
Found a cloak.
A sourceless malevolence fills the Dungeon... and a teleportation trap spontaneously manifests!
You are yanked towards a nearby monster!
Your surroundings suddenly seem different.
An endoplasm comes into view.
Found an escape hatch in the floor.
The endoplasm quivers.
The gnoll bouda moves out of view.
The gnoll moves out of view. x4
You hit the endoplasm.
You kill the endoplasm!
Ijyb the Twisted Goblin comes into view.
She is wielding a +0 dagger and carrying a wand of acid (8).
Ijyb shouts!
A quokka comes into view.
A hobgoblin comes into view.
Ijyb zaps a wand.
The bolt of acid hits you!
Ouch! That really hurt!
2496 ||| DRINKING potion of heal wounds.
You feel much better.
Ijyb zaps a wand.
The bolt of acid hits you!
Ouch! That really hurt!
You hit Ijyb. Your kick misses Ijyb. You peck Ijyb, but do no damage.
Ijyb is lightly wounded.
You barely miss the hobgoblin. You hit the quokka but do no damage.
The quokka bites you but does no damage.
The hobgoblin hits you but does no damage.
Ijyb hits you but does no damage.
You barely miss Ijyb. You peck Ijyb.
Ijyb is moderately wounded.
You hit the hobgoblin but do no damage. You barely miss the quokka.
The quokka bites you. Ijyb hits you but does no damage.
The hobgoblin hits you but does no damage.
You barely miss Ijyb. You claw Ijyb, but do no damage. Your peck misses Ijyb.
Ijyb is moderately wounded.
You hit the quokka. You barely miss the hobgoblin.
The quokka bites you but does no damage.
The hobgoblin hits you but does no damage.
Ijyb zaps a wand.
The bolt of acid hits you!
You die...

#######.#..#
#...>......######
#.#####.#........
#.......#.#######
#.......#.#
#.####.##.#
#.......#.#
######+#########.#
......g@.........#
......gr.#########
.........#
.........#
.........#
.........#
.........#
.........#


You could see Ijyb, a quokka and a hobgoblin.

Vanquished Creatures
  An adder (D:2)
  A dart slug (D:2)
  3 ball pythons (D:1)
  4 endoplasms
  3 giant cockroaches (D:1)
  A goblin (D:2)
  2 hobgoblins
  A quokka (D:2)
  5 bats
  4 frilled lizards
  6 kobolds
  A rat (D:2)
32 creatures vanquished.

Notes
Turn   | Place    | Note
-------+----------+-------------------------------------------
     0 | D:1      | qw the Tengu Warper began the quest for the Orb.
     0 | D:1      | Reached XP level 1. HP: 12/12 MP: 4/4
     0 | D:1      | 0 ||| qw: Version: 0.1-a-89-g26bdef1
     0 | D:1      | 0 ||| qw: Game counter: 1469
     0 | D:1      | 0 ||| qw: Always use a shield: true
     0 | D:1      | 0 ||| qw: God list: Okawaru
     0 | D:1      | 0 ||| qw: Allow faded altars: false
     0 | D:1      | 0 ||| qw: Do Orc after D:15 true
     0 | D:1      | 0 ||| qw: Do second Lair branch before Depths: true
     0 | D:1      | 0 ||| qw: Lair rune preference: random
     0 | D:1      | 0 ||| qw: Plans: Normal
     0 | D:1      | 0 ||| PLANNING D:1-11
   256 | D:1      | 256 ||| DROPPING +0 whip.
   280 | D:1      | Reached XP level 2. HP: 17/17 MP: 6/6
   292 | D:1      | Reached skill level 3 in Axes
   602 | D:1      | Found a faded altar of an unknown god.
   951 | D:1      | 951 ||| Stepping ~*~*~tactically~*~*~ (stealth).
   952 | D:1      | 952 ||| Stepping ~*~*~tactically~*~*~ (stealth).
  1026 | D:1      | 1026 ||| Stepping ~*~*~tactically~*~*~ (stealth).
  1194 | D:1      | 1194 ||| UPGRADING to +0 plate armour.
  1204 | D:1      | 1204 ||| DROPPING +0 leather armour.
  1205 | D:1      | 1205 ||| DROPPING orb of wrath.
  1206 | D:1      | 1206 ||| UPGRADING to ring of positive energy.
  1207 | D:1      | 1207 ||| READING scroll labelled JAAC COSTEUL.
  1208 | D:1      | 1208 ||| READING scroll labelled NUIMITW RYMMAF.
  1209 | D:1      | 1209 ||| READING 2 scrolls labelled UTOEWI ZOMNEIL.
  1210 | D:1      | 1210 ||| DRINKING 3 coppery potions.
  1211 | D:1      | 1211 ||| DROPPING scroll of blinking.
  1212 | D:1      | 1212 ||| DROPPING 2 potions of degeneration.
  1213 | D:1      | 1213 ||| DROPPING scroll of immolation.
  1242 | D:2      | 1242 ||| STAIRDANCE
  1396 | D:2      | HP: 4/17 [frozen (2)]
  1398 | D:2      | Reached XP level 3. HP: 5/21 MP: 7/7
  1674 | D:2      | Found Kidapnacek's Magic Scroll Shop.
  1684 | D:2      | 1684 ||| SHOPLISTING scroll of enchant armour (105 gold,
                  | have 64).
  1684 | D:2      | 1684 ||| BUYING scroll of identify (28 gold).
  1684 | D:2      | Bought a scroll of identify for 28 gold pieces
  1684 | D:2      | 1684 ||| BUYING scroll of identify (28 gold).
  1684 | D:2      | Bought a scroll of identify for 28 gold pieces
  1684 | D:2      | 1684 ||| SHOPLISTING scroll of identify (28 gold, have 8).
  1706 | D:2      | Reached skill level 4 in Axes
  2018 | D:2      | 2018 ||| Stepping ~*~*~tactically~*~*~ (stealth).
  2325 | D:2      | 2325 ||| READING scroll labelled ZEOMNI WYIBA.
  2326 | D:2      | 2326 ||| READING scroll labelled AHOLOF FEIRYAL.
  2427 | D:2      | 2427 ||| READING scroll labelled VUSAABA IGUN.
  2432 | D:2      | 2432 ||| READING scroll labelled LITAME JITWA.
  2433 | D:2      | 2433 ||| READING 5 scrolls of identify.
  2433 | D:2      | 2433 ||| IDENTIFYING fizzy inky potion
  2434 | D:2      | 2434 ||| READING 4 scrolls of identify.
  2434 | D:2      | 2434 ||| IDENTIFYING sedimented puce potion
  2435 | D:2      | 2435 ||| READING 3 scrolls of identify.
  2435 | D:2      | 2435 ||| IDENTIFYING inky potion
  2436 | D:2      | 2436 ||| READING 2 scrolls of identify.
  2436 | D:2      | 2436 ||| IDENTIFYING fuming blue potion
  2437 | D:2      | 2437 ||| DROPPING potion of attraction.
  2438 | D:2      | 2438 ||| DROPPING potion of brilliance.
  2492 | D:3      | Noticed Ijyb
  2495 | D:3      | HP: 4/21 [Ijyb/bolt of acid (17)]
  2496 | D:3      | 2496 ||| DRINKING potion of heal wounds.
  2499 | D:3      | Killed from afar by Ijyb

Levels and vault maps discovered:
D:1:      onia_arrival_pyramid, layout_basic,
          hellmonk_ecumenical_altar_inner_sanctum
D:2:      layout_loops_ring, serial_shops, shop_fountains,
          uniq_crazy_yiuf_cottage
D:3:      layout_basic, nicolae_ru_path_of_blood,
          nicolae_overflow_hidden_temple, mainiacjoe_overflow_surrounded_room,
          uniq_ijyb, uniq_jessica

Skill      XL: |  1  2  3 |
---------------+----------+-----
Axes           | 3 4 |  4.0
Fighting       | |  2.0
Throwing       | |  1.0
Armour         | |  1.7
Dodging        | |  2.1
Spellcasting   | |  2.0
Translocations | |  2.4

Action                   || total
-------------------------++-------
Melee: Hand axe          ||    73
       Peck              ||    11
       Kick              ||    17
       Punch             ||     1
Throw: Boomerang         ||     7
  Use: Scroll            ||    11
       Potion            ||     2
Armor: Leather armour    ||    17
       Plate armour      ||    23
Dodge: Dodged            ||    29

Table legend:
 A = Non-vault XP
 B = Vault XP
 C = Vault XP percentage of total XP
 D = Non-vault monster count
 E = Vault monster count
 F = Vault count percentage of total count
                 A         B        C        D         E       F
            +---------+---------+-------+---------+---------+-------
      Total |      64 |       0 |   0.0 |      32 |       0 |   0.0
            +---------+---------+-------+---------+---------+-------
        D:1 |      28 |       0 |   0.0 |      18 |       0 |   0.0
        D:2 |      33 |       0 |   0.0 |      12 |       0 |   0.0
        D:3 |       3 |       0 |   0.0 |       2 |       0 |   0.0
            +---------+---------+-------+---------+---------+-------
